 Dungeon Crawl Stone Soup version 0.26.0-10-g1f06aea511 (webtiles) character file.

Game seed: 12390013538171492475

2821 Marvel the Slicer (level 9, -9/71 HPs)
             Began as a Demonspawn Abyssal Knight on Jan 14, 2021.
             Was an Elder of Lugonu.
             Mangled by a white ugly thing (33 damage)
             ... on level 8 of the Dungeon.
             The game lasted 00:22:09 (8314 turns).

Marvel the Slicer (Demonspawn Abyssal Knight)       Turns: 8314, Time: 00:22:10

Health: -9/71      AC:  6    Str: 12    XL:     9   Next: 45%
Magic:  10/10      EV: 14    Int: 14    God:    Lugonu [****..]
Gold:   496        SH:  0    Dex: 16    Spells: 8/8 levels left

rFire    . . .     SeeInvis .   d - +2 dagger (elec)
rCold    . . .     Faith    .   (no shield)
rNeg     . . .     Spirit   .   b - +0 leather armour
rPois    .         Reflect  .   C - +0 helmet
rElec    .         Harm     .   (no cloak)
rCorr    .         Rampage  .   (no gloves)
Will     .....                  p - +1 pair of boots
Stlth    ++++......             (no amulet)
HPRegen  0.21/turn              I - ring of stealth
MPRegen  0.12/turn              (no ring)

@: mighty
A: hooves 2, foul stench 1, powered by pain 1, miasma immunity
a: Renounce Religion, Depart the Abyss, Bend Space, Banish, Corrupt


You were on level 8 of the Dungeon.
You worshipped Lugonu.
Lugonu was greatly pleased with you.
You visited 1 branch of the dungeon, and saw 8 of its levels.
You visited the Abyss 1 time.

You collected 496 gold pieces.

Inventory:

Hand Weapons
 a - a +1 hand axe
 d - a +2 dagger of electrocution (weapon)
 l - a +1 short sword of protection
 u - a +2 dagger of venom
Missiles
 o - 7 poisoned darts (quivered)
 r - 5 boomerangs
Armour
 b - a +0 leather armour (worn)
 f - a +0 helmet
 k - a +4 ring mail
 p - a +1 pair of boots (worn)
 C - a +0 helmet (worn)
Jewellery
 A - an uncursed amulet of the acrobat {unknown}
 I - a ring of stealth (left hand)
Wands
 i - a wand of iceblast (5)
 x - a wand of polymorph (9)
 B - a wand of acid (11)
 D - a wand of paralysis (8)
Scrolls
 e - 10 scrolls of identify {unknown}
 j - 3 scrolls of fog
 m - a scroll of teleportation
 n - a scroll of random uselessness {unknown}
 s - 2 scrolls of immolation {unknown}
 t - 2 scrolls of enchant armour {unknown}
 y - a scroll of blinking {unknown}
 E - 2 scrolls of amnesia
 G - 2 scrolls of magic mapping
Potions
 c - a potion of haste {unknown}
 g - a potion of brilliance {unknown}
 h - a potion of mutation {unknown}
 q - a potion of attraction {unknown}
 v - 2 potions of degeneration {unknown}
 w - a potion of ambrosia {unknown}
 z - 4 potions of curing {unknown}
 F - a potion of heal wounds {unknown}
 H - 2 potions of might {unknown}


   Skills:
 + Level 6.5 Fighting
 * Level 8.4 Short Blades
 - Level 1.9 Axes
 + Level 1.4 Throwing
 - Level 1.7 Armour
 + Level 4.2 Dodging
 + Level 4.7 Stealth
 - Level 2.4 Invocations


You had 8 spell levels left.
You didn't know any spells.
Your spell library contained the following spells:

 Spells                   Type           Power        Failure   Level
 Beastly Appendage        Tmut           0%           36%         1
 Wereblood                Tmut           0%           50%         2
 Spider Form              Tmut/Pois      0%           73%         3
 Ice Form                 Ice/Tmut       0%           98%         4
 Blade Hands              Tmut           0%           100%        5


Dungeon Overview and Level Annotations

Branches:
Dungeon (8/15)
 Temple: D:4-7         Lair: D:8-11

Altars:
Dithmenos
Fedhas
Kikubaaqudgha
Okawaru
Qazlal
Sif Muna
Trog
Vehumet
Wu Jian
Zin
The Shining One

Annotations:
D:4 Eustachio


Innate Abilities, Weirdness & Mutations

You have hoof-like feet.
You may emit foul miasma when damaged in melee.
You sometimes gain a little power by taking damage.
You are immune to miasma.


Message History

Lugonu accepts your kill.
Things that are here:
3 large rocks; a cyclops corpse
There is an open door here.
A white ugly thing is nearby!
There is an open door here.
The white ugly thing gurgles horribly!
You hit the white ugly thing.
The white ugly thing is lightly wounded.
You barely miss the white ugly thing.
The white ugly thing is lightly wounded.
The white ugly thing kicks you!
You focus on the pain.
You feel very mighty all of a sudden. The white ugly thing freezes you!!
You puncture the white ugly thing!
The white ugly thing is moderately wounded.
You closely miss the white ugly thing.
The white ugly thing is moderately wounded.
The white ugly thing kicks you. The white ugly thing freezes you!!
You die...

.####...# ##...##..... #.
##.######.#####..# #.
#.#...#..# #.## ##'##
#.......## #.# ##...##
#......## #.# ##.....##
##.....# #.## ##.......##
##...## #.##
#.........####...#########.#.
+.........'u@................
#......######################
####.....# .........#
..###u.).# ####.#
#.#'########§§§#
#.#......u§§###l..#
........##.##### #..
..##.#.#####


You could see a white ugly thing.

Vanquished Creatures
  A cyclops (D:8)
  A shadow (D:8)
  A sky beast (D:5)
  An orc warrior (D:8)
  A phantom (D:6)
  3 ogres
  A centaur (D:5)
  5 bullfrogs
  A big kobold (D:7)
  A wyvern zombie (D:8)
  A water moccasin skeleton (D:7)
  2 scorpions
  7 killer bees
  2 howler monkeys (D:8)
  2 bullfrog zombies
  A centaur zombie (D:6)
  2 jellies
  3 bullfrog skeletons
  2 centaur skeletons
  2 hounds
  2 iguanas (D:5)
  4 worker ants
  A hound zombie (D:7)
  2 river rats (D:5)
  8 adders
  2 shadow imps
  2 white imps (D:5)
  2 ufetubi
  3 oozes
  An adder skeleton (D:4)
  2 worms
  4 dart slugs
  7 leopard geckos
  5 orcs
  A ball python (D:2)
  6 giant cockroaches
  21 goblins
  4 hobgoblins
  11 kobolds
  3 quokkas
  5 bats
  7 frilled lizards
  A quokka skeleton (D:5)
  8 rats
152 creatures vanquished.

Notes
Turn   | Place    | Note
-------+----------+-------------------------------------------
     0 | Abyss:1  | Marvel the Demonspawn Abyssal Knight began the quest for
                  | the Orb.
     0 | Abyss:1  | Reached XP level 1. HP: 18/18 MP: 2/2
    82 | D:1      | Escaped the Abyss
   329 | D:1      | Gained mutation: You have large cloven feet. [demonic
                  | ancestry]
   329 | D:1      | Reached XP level 2. HP: 22/24 MP: 3/3
   632 | D:1      | Reached ** piety under Lugonu
   770 | D:1      | Reached XP level 3. HP: 30/30 MP: 4/4
   839 | D:1      | Reached skill level 1 in Dodging
  1244 | D:2      | Reached skill level 1 in Short Blades
  1502 | D:2      | Reached XP level 4. HP: 38/38 MP: 5/5
  1590 | D:2      | Found a faded altar of an unknown god.
  1680 | D:2      | Found a bloodstained altar of Trog.
  1680 | D:2      | Found a shadowy altar of Dithmenos.
  1681 | D:2      | Found an ornate altar of the Wu Jian Council.
  1955 | D:3      | Reached skill level 2 in Short Blades
  2134 | D:3      | Found a glowing golden altar of the Shining One.
  2238 | D:3      | Gained mutation: You have hoof-like feet. [demonic
                  | ancestry]
  2238 | D:3      | Reached XP level 5. HP: 43/43 MP: 6/6
  2290 | D:3      | Found a blossoming altar of Fedhas.
  2561 | D:3      | Reached skill level 1 in Stealth
  2574 | D:3      | Found an iron altar of Okawaru.
  3114 | D:4      | Found an ancient bone altar of Kikubaaqudgha.
  3115 | D:4      | Found a shimmering blue altar of Sif Muna.
  3117 | D:4      | Found a radiant altar of Vehumet.
  3118 | D:4      | Noticed Eustachio
  3131 | D:5      | Entered Level 5 of the Dungeon
  3141 | D:5      | Reached *** piety under Lugonu
  3165 | D:5      | Reached skill level 3 in Short Blades
  3173 | D:5      | Gained mutation: You sometimes gain a little power by
                  | taking damage. [demonic ancestry]
  3173 | D:5      | Reached XP level 6. HP: 17/50 MP: 7/7
  3570 | D:5      | Reached skill level 5 in Fighting
  3570 | D:5      | Reached skill level 4 in Short Blades
  3886 | D:5      | Gained mutation: You are immune to miasma. [demonic
                  | ancestry]
  3886 | D:5      | Reached XP level 7. HP: 56/56 MP: 8/8
  4603 | D:5      | Reached skill level 5 in Short Blades
  5390 | D:6      | Reached **** piety under Lugonu
  5551 | D:6      | Reached skill level 6 in Short Blades
  5551 | D:6      | Reached XP level 8. HP: 55/62 MP: 9/9
  5667 | D:6      | Reached skill level 1 in Throwing
  6636 | D:7      | Found a stormy altar of Qazlal.
  6762 | D:7      | Reached skill level 7 in Short Blades
  7316 | D:8      | Found a glowing silver altar of Zin.
  7405 | D:8      | Noticed a white ugly thing
  7548 | D:8      | Noticed a cyclops
  7576 | D:7      | Gained mutation: You may emit foul miasma when damaged in
                  | melee. [demonic ancestry]
  7576 | D:7      | Reached XP level 9. HP: 54/69 MP: 10/10
  7967 | D:8      | Found a stormy altar of Qazlal.
  7967 | D:8      | Found a shadowy altar of Dithmenos.
  8062 | D:8      | Reached skill level 8 in Short Blades
  8222 | D:8      | Killed a cyclops
  8314 | D:8      | Mangled by a white ugly thing

Illustrated notes

Levels and vault maps discovered:
D:1:      kilobyte_arrival_exit_the_forest, layout_basic, serial_glass,
          glass_columns_b, glass_columns_c, nrook_uturn
D:2:      layout_basic, gammafunk_temple_overflow_claw,
          chequers_ecumenical_altar_grove, minmay_crystal_water
D:3:      layout_loops_corners, marbit_many_paths, fedhas_altar_4,
          lemuel_round_altar
D:4:      layout_basic, grunt_temple_overflow_magic_moments,
          nzn_hepliaklqana_mist_gate, minmay_temple_entry_grid, serial_glass,
          glass_columns_a, glass_columns_a, serial_shops, shop_fountains,
          uniq_eustachio
D:5:      layout_rooms, gup_sewer_entry_bubbles, minmay_ogre_servants
D:6:      layout_basic
D:7:      layout_loops_ring, nicolae_qazlal_general_emergency
D:8:      layout_loops_corners, lemuel_round_altar, erik_lair_dragon,
          jmf_multi_god_temple

Skill      XL: |  1  2  3  4  5  6  7  8  9 |
---------------+----------------------------+-----
Fighting       | 4 5 6 |  6.5
Dodging        | 1 2 3 4 |  4.2
Short Blades   | 1 2 3 4 6 7 8 |  8.4
Stealth        | 1 2 4 |  4.7
Throwing       | 1 |  1.4
Axes           | |  1.9
Armour         | |  1.7
Invocations    | |  2.4

Action                   |  1- 3 |  4- 6 |  7- 9 || total
-------------------------+-------+-------+-------++-------
Melee: Dagger            |   107 |   135 |   324 ||   566
       Hand axe          |     4 |       |       ||     4
       Kick              |    18 |     3 |       ||    21
Throw: Dart              |       |     7 |    10 ||    17
  Use: Scroll            |       |       |    10 ||    10
 Stab: Sleeping          |     1 |     5 |     5 ||    11
Armor: Leather armour    |    42 |    22 |    49 ||   113
Dodge: Dodged            |    65 |    64 |   140 ||   269
